 Dungeon Crawl Stone Soup version 0.29-a0-1047-g7c58e119a4 (webtiles) character file.

Game seed: 5289998400819238213

15068 quixfox the Destroyer (level 11, -16/83 HPs)
             Began as a Demonspawn Conjurer on Aug 16, 2022.
             Was a High Priest of Vehumet.
             Demolished by a death yak (25 damage)
             ... on level 1 of the Lair of Beasts.
             The game lasted 01:02:49 (15428 turns).

quixfox the Destroyer (Demonspawn Conjurer)        Turns: 15428, Time: 01:02:49

Health: -16/83     AC:  9    Str: 12    XL:     11   Next: 97%
Magic:  19/23      EV: 12    Int: 25    God:    Vehumet [*****.]
Gold:   962        SH:  0    Dex: 11    Spells: 8/26 levels left

rFire   . . .      SeeInvis .   w - staff of earth
rCold   . . .      Faith    .   (no shield)
rNeg    . . .      Spirit   .   t - +0 troll leather armour
rPois   +          Reflect  .   D - +2 hat of the Heron {rElec rPois rF- Str+5}
rElec   +          Harm     .   A - scarf {shadows}
rCorr   .          Rampage  .   s - +2 pair of gloves
Will    .....                   (no boots)
Stlth   ++........              j - amulet of regeneration
HPRegen 1.83/turn               a - ring of fire
MPRegen 0.18/turn               o - ring of protection from cold

@: very slightly contaminated
A: powered by pain 2, sturdy frame 1, weakness stinger 2
a: Renounce Religion


You were on level 1 of the Lair of Beasts.
You worshipped Vehumet.
Vehumet was extremely pleased with you.
You visited 2 branches of the dungeon, and saw 11 of its levels.

You collected 962 gold pieces.

Inventory:

Missiles
 n - a throwing net
 I - 3 silver javelins
Armour
 s - a +2 pair of gloves (worn)
 t - a +0 troll leather armour (worn)
 A - a scarf of shadows (worn)
 D - the +2 hat of the Heron (worn) {rElec rPois rF- Str+5}
   (You found it on level 4 of the Dungeon)

   Str:       It affects your strength (+5).
   rF:        It makes you vulnerable to fire.
   rElec:     It insulates you from electricity.
   rPois:     It protects you from poison.
 E - the +1 leather armour "Burphif" {rF++ Dex+2}
   (You found it on level 5 of the Dungeon)

   Dex:       It affects your dexterity (+2).
   rF:        It greatly protects you from fire.
 G - a +0 cloak
Magical Staves
 w - a staff of earth (weapon)
Jewellery
 a - a ring of fire (left hand)
 g - a ring of willpower
 j - an amulet of regeneration (around neck)
 o - a ring of protection from cold (right hand)
Wands
 i - a wand of flame (36)
 p - a wand of iceblast (14)
 C - a wand of digging (11)
 F - a wand of paralysis (6)
Scrolls
 e - 9 scrolls of teleportation
 f - a scroll of fear
 r - 5 scrolls of enchant weapon
 v - a scroll of blinking
 x - 4 scrolls of magic mapping
 y - 4 scrolls of fog
 z - 2 scrolls of poison
 J - a scroll of amnesia
Potions
 b - a potion of magic
 c - 3 potions of mutation
 d - 8 potions of curing
 h - a potion of resistance
 k - 6 potions of heal wounds
 l - 3 potions of might
 m - 4 potions of berserk rage
 q - a potion of lignification {unknown}
 u - 3 potions of flight
 B - a potion of haste {unknown}
 H - a potion of cancellation


   Skills:
 - Level 6.6 Fighting
 - Level 1.7 Staves
 - Level 4.0 Armour
 - Level 1.7 Dodging
 - Level 1.7 Stealth
 + Level 8.2 Spellcasting
 - Level 9.2 Conjurations
 + Level 7.5 Fire Magic
 * Level 9.1 Earth Magic
 - Level 1.7 Evocations


You had 8 spell levels left.
You knew the following spells:

 Your Spells              Type           Power      Damage    Failure   Level
a - Iron Shot             Conj/Erth      35%        9d7       6%          6
b - Searing Ray           Conj           100%       2d8       1%          2
c - Flame Wave            Conj/Fire      68%        2d15      1%          4
d - Passwall              Tmut/Erth      40%        N/A       1%          2
e - Stone Arrow           Conj/Erth      100%       3d13      1%          3
f - Sandblast             Erth           100%       2d20      1%          1

Your spell library contained the following spells:

 Spells                   Type           Power      Damage    Failure   Level
 Foxfire                  Conj/Fire      100%       2x1d9     1%          1
 Freeze                   Ice            40%        1d6       1%          1
 Magic Dart               Conj           100%       1d8       1%          1
 Conjure Flame            Conj/Fire      68%        6-21      1%          3
 Dazzling Flash           Conj/Hex       66%        N/A       1%          3
 Inner Flame              Hex/Fire       43%        N/A       1%          3
 Fulminant Prism          Conj/Hex       16%        3d11      2%          4
 Hailstorm                Conj/Ice       33%        3d8       2%          4
 Iskenderun's Mystic Bla  Conj/Tloc      33%        2d8       2%          4
 Frozen Ramparts          Ice            20%        1d4       5%          3
 Apportation              Tloc           20%        N/A       6%          1
 Beastly Appendage        Tmut           20%        N/A       6%          1
 Necrotise                Necr           40%        1d6       6%          1
 Summon Small Mammal      Summ           40%        N/A       6%          1
 Ensorcelled Hibernation  Hex/Ice        20%        N/A       10%         2
 Wereblood                Tmut           10%        N/A       10%         2
 Animate Armour           Summ/Erth      98%        N/A       10%         4
 Gell's Gravitas          Tloc           10%        N/A       19%         3
 Lesser Beckoning         Tloc           10%        N/A       19%         3
 Spider Form              Tmut/Pois      10%        N/A       19%         3
 Swiftness                Air            10%        N/A       19%         3
 Teleport Other           Tloc           10%        N/A       19%         3
 Alistair's Intoxication  Tmut/Pois      6%         N/A       86%         5
 Lehudib's Crystal Spear  Conj/Erth      35%        10d9      89%         8
 Dispersal                Tloc           5%         N/A       100%        6


Dungeon Overview and Level Annotations

Branches:
Dungeon (10/15)            Temple (0/1) D:4            Lair (1/5) D:10
    Orc (0/2) D:9

Altars:
Ashenzari
Cheibriados
Dithmenos
Gozag
Kikubaaqudgha
Makhleb
Okawaru
Qazlal
Sif Muna
Vehumet
Yredelemnul

Shops:
D:2 (

Portals:
Trove: D:10 (give +5 demon blade)

Annotations:
D:8 exclusion: ice statue


Innate Abilities, Weirdness & Mutations

You sometimes gain power by taking damage.
Your movements are slightly less encumbered by armour. (ER -2)
You have a tail ending in a sharp stinger.


Message History

Confirm with . or Enter, or press ? or * to list all spells.
Aiming: Iron Shot (dangerous; 6% risk of failure)
Press: ? - help, Shift-Dir - straight line, f/p - death yak
Aim: a death yak (moderately wounded, 91% to hit)
You feel a surge of power!
The iron shot hits the death yak!!!
The death yak is almost dead.
The death yak gores you.
Casting: Iron Shot (dangerous; 6% risk of failure)
Confirm with . or Enter, or press ? or * to list all spells.
You don't have enough magic to cast this spell.
Aiming: Sandblast (safe; 1% risk of failure)
Press: ? - help, Q - select action, (/) - cycle Shift-Dir - straight line, f/p - death yak
Aim: a death yak (almost dead, 95% to hit)
You feel a surge of power!
You miscast Sandblast.
You are very lightly contaminated with residual magic.
Nothing appears to happen.
The death yak gores you!
Aiming: Sandblast (safe; 1% risk of failure)
Press: ? - help, Q - select action, (/) - cycle Shift-Dir - straight line, f/p - death yak
Aim: a death yak (almost dead, 95% to hit)
You feel a surge of power!
The blast of sand misses the death yak.
The death yak gores you!
* * * LOW HITPOINT WARNING * * *
The death yak gores you.
* * * LOW HITPOINT WARNING * * *
Aiming: Sandblast (safe; 1% risk of failure)
Press: ? - help, Q - select action, (/) - cycle Shift-Dir - straight line, f/p - death yak
Aim: a death yak (almost dead, 95% to hit)
You feel a surge of power!
The blast of sand hits the death yak.
The death yak is almost dead.
The death yak closely misses you.
Aiming: Sandblast (safe; 1% risk of failure)
Press: ? - help, Q - select action, (/) - cycle Shift-Dir - straight line, f/p - death yak
Aim: a death yak (almost dead, 95% to hit)
You feel a surge of power!
The blast of sand hits the death yak.
The death yak is almost dead.
The death yak gores you!!
* * * LOW HITPOINT WARNING * * *
You focus on the pain.
You feel your power returning. The death yak gores you!!
You die...

##.........######
#.>.............#
###........#.##.#
###......~~...## #
#####....~~~≈~~..#.#
##.......~~≈≈≈≈≈~..#
#........~≈~~~~~~~~#
###.....~≈≈≈..Y~~≈~# #
## #.....~~≈≈~@.≈≈≈~#
.P#P##......~≈≈~~.~≈~~#
............~≈≈~~≈~≈~.#
............~≈~~≈≈~~~.#
.............~~~~~~....#
........................
.......................
......................
......................


You could see a death yak.

Vanquished Creatures
  2 death yaks (Lair:1)
  Pikel (D:8)
  Maurice (D:10)
  A cane toad (Lair:1)
  A komodo dragon (D:10)
  Psyche (D:9)
  6 ice devils (D:8)
  4 trolls
  A wraith (D:9)
  10 yaks (D:9)
  A vampire (D:9)
  4 hogs (D:8)
  A human (D:8)
  Eustachio (D:4)
  2 water moccasins
  3 ice beasts
  7 orc warriors
  3 black bears
  A sky beast (D:8)
  6 centaurs
  8 ogres
  A phantom (D:6)
  A lemure (D:8)
  A gnoll sergeant (D:5)
  12 kobold brigands
  3 bullfrogs
  A necrophage (D:5)
  5 scorpions
  11 wights
  21 killer bees
  A howler monkey (D:9)
  2 jellies
  5 gnoll boudas
  13 orc priests
  5 hounds
  Ijyb (D:4)
  2 iguanas
  15 orc wizards
  A hound zombie (D:3)
  A hound skeleton (D:3)
  Robin (D:2)
  21 gnolls
  3 adders
  4 shadow imps
  6 white imps
  8 ufetubi
  5 adder zombies (D:3)
  4 adder skeletons (D:3)
  3 worms
  5 dart slugs
  43 orcs
  7 endoplasms
  5 giant cockroaches
  13 goblins
  12 hobgoblins
  4 jackals (D:3)
  30 kobolds
  6 quokkas
  4 ball pythons
  2 ball python zombies (D:3)
  5 bats
  4 frilled lizards
  2 giant cockroach zombies (D:3)
  2 quokka skeletons (D:3)
  4 rats
370 creatures vanquished.

Vanquished Creatures (others)
  8 plants (D:7)
  A withered plant (D:3)
9 creatures vanquished.

Grand Total: 379 creatures vanquished

Notes
Turn   | Place    | Note
-------+----------+-------------------------------------------
     0 | D:1      | quixfox the Demonspawn Conjurer began the quest for the
                  | Orb.
     0 | D:1      | Reached XP level 1. HP: 13/13 MP: 3/3
   676 | D:1      | Gained mutation: You have a small tail. [demonic ancestry]
   676 | D:1      | Reached XP level 2. HP: 19/19 MP: 1/5
  1718 | D:2      | Learned a level 2 spell: Searing Ray
  1761 | D:2      | Gained mutation: You sometimes gain a little power by
                  | taking damage. [demonic ancestry]
  1761 | D:2      | Reached XP level 3. HP: 24/24 MP: 1/7
  1762 | D:2      | Noticed Robin
  1985 | D:2      | Killed Robin
  1986 | D:2      | Reached XP level 4. HP: 30/30 MP: 3/8
  2194 | D:2      | Found Giaw's Antique Weapon Boutique.
  2322 | D:2      | You fall into a shaft and drop 1 floor!
  2327 | D:3      | Found a basalt altar of Yredelemnul.
  2367 | D:3      | Reached skill level 5 in Conjurations
  2882 | D:2      | Learned a level 4 spell: Flame Wave
  3584 | D:3      | Gained mutation: You have a tail ending in a sharp stinger.
                  | [demonic ancestry]
  3584 | D:3      | Reached XP level 5. HP: 35/35 MP: 2/10
  3808 | D:3      | Learned a level 2 spell: Passwall
  3824 | D:3      | Found a faded altar of an unknown god.
  3828 | D:3      | Found a radiant altar of Vehumet.
  3975 | D:3      | Reached skill level 1 in Fire Magic
  4037 | D:3      | Found a broken altar of Ashenzari.
  4299 | D:3      | Reached skill level 1 in Earth Magic
  4842 | D:3      | Found a stormy altar of Qazlal.
  5216 | D:4      | Reached XP level 6. HP: 41/41 MP: 9/11
  5228 | D:4      | Learned a level 3 spell: Stone Arrow
  5484 | D:4      | Noticed Ijyb
  5664 | D:3      | Became a worshipper of Vehumet
  5810 | D:4      | Found a shadowy altar of Dithmenos.
  6004 | D:4      | Identified the +2 hat of the Heron {rElec rPois rF- Str+5}
  6101 | D:4      | Found a burning altar of Makhleb.
  6154 | D:4      | Noticed Eustachio
  6176 | D:4      | Killed Eustachio
  6351 | D:4      | Killed Ijyb
  6419 | D:4      | Found a staircase to the Ecumenical Temple.
  6659 | D:5      | Entered Level 5 of the Dungeon
  6671 | D:5      | Gained mutation: You sometimes gain power by taking damage.
                  | [demonic ancestry]
  6671 | D:5      | Reached XP level 7. HP: 20/46 MP: 1/13
  6940 | D:5      | Identified the +1 leather armour "Burphif" {rF++ Dex+2}
  7158 | D:5      | Reached * piety under Vehumet
  7158 | D:5      | Offered knowledge of Freeze by Vehumet.
  7531 | D:5      | Reached skill level 1 in Fighting
  7531 | D:5      | Reached skill level 1 in Armour
  7743 | D:5      | Found an opulent altar of Gozag.
  7898 | D:5      | Reached XP level 8. HP: 54/54 MP: 8/15
  8240 | D:6      | Reached skill level 5 in Spellcasting
  9021 | D:6      | Found a shimmering blue altar of Sif Muna.
  9459 | D:6      | Reached skill level 5 in Earth Magic
  9974 | D:7      | Gained mutation: Your movements are slightly less
                  | encumbered by armour. (ER -2) [demonic ancestry]
  9974 | D:7      | Reached XP level 9. HP: 63/63 MP: 12/17
 10426 | D:7      | Offered knowledge of Sandblast by Vehumet.
 10427 | D:7      | Reached ** piety under Vehumet
 10523 | D:7      | Learned a level 1 spell: Sandblast
 11096 | D:7      | Offered knowledge of Scorch by Vehumet.
 11210 | D:7      | Reached *** piety under Vehumet
 11526 | D:8      | HP: 2/66 [orc warrior/+0 scimitar (5)]
 11683 | D:8      | Noticed an ice devil
 11796 | D:8      | Noticed an ice devil
 11796 | D:8      | Noticed an ice devil
 11798 | D:8      | Noticed an ice devil
 11799 | D:8      | Noticed an ice devil
 11810 | D:8      | Noticed an ice devil
 11813 | D:8      | Killed an ice devil
 11814 | D:8      | Reached XP level 10. HP: 55/73 MP: 6/19
 11814 | D:8      | Offered knowledge of Sticky Flame by Vehumet.
 11906 | D:8      | Noticed an ice statue
 12037 | D:8      | Reached skill level 5 in Fighting
 12140 | D:8      | Reached **** piety under Vehumet
 12167 | D:8      | Reached skill level 5 in Fire Magic
 12269 | D:8      | Offered knowledge of Hailstorm by Vehumet.
 12674 | D:8      | Noticed Pikel
 12688 | D:8      | Killed Pikel
 12954 | D:8      | Found an iron altar of Okawaru.
 13044 | D:9      | Found a staircase to the Orcish Mines.
 13052 | D:9      | Reached XP level 11. HP: 55/81 MP: 22/22
 13056 | D:9      | Reached ***** piety under Vehumet
 13056 | D:9      | Offered knowledge of Iron Shot by Vehumet.
 13074 | D:8      | Learned a level 6 spell: Iron Shot
 13333 | D:9      | Noticed Psyche
 13339 | D:9      | Killed Psyche
 13823 | D:10     | Entered Level 10 of the Dungeon
 13863 | D:10     | Found a portal to a secret trove of treasure.
 13891 | D:10     | Noticed Maurice
 13905 | D:10     | Killed Maurice
 14007 | D:10     | Found an ancient bone altar of Kikubaaqudgha.
 14053 | D:10     | Reached skill level 1 in Staves
 14053 | D:10     | Reached skill level 1 in Evocations
 14949 | D:10     | Found a snail-covered altar of Cheibriados.
 15029 | D:10     | Found a staircase to the Lair.
 15035 | Lair:1   | Entered Level 1 of the Lair of Beasts
 15093 | Lair:1   | Noticed a death yak
 15102 | Lair:1   | Killed a death yak
 15175 | Lair:1   | Noticed a death yak
 15395 | Lair:1   | Noticed a death yak
 15398 | Lair:1   | Killed a death yak
 15428 | Lair:1   | Demolished by a death yak

Illustrated notes

Levels and vault maps discovered:
D:1:      dpeg_arrival_round_a, layout_basic
D:2:      layout_loops_cross, serial_shops, shop, uniq_robin
D:3:      layout_basic, mainiacjoe_overflow_24_doors,
          nicolae_overflow_ecumenical_swirl, nicolae_ashenzari_panopticon,
          lemuel_tele_altar, serial_undead, serial_undead_d, serial_undead_a,
          serial_undead_f, serial_undead_c, serial_undead_b, serial_undead_d,
          serial_undead_c, serial_undead_c, serial_undead_d, serial_undead_b
D:4:      layout_loops_ring, nicolae_dithmenos_shadow_blocks,
          lightli_temple_of_fire, lemuel_temple_firewalk_b, uniq_eustachio,
          uniq_ijyb
D:5:      layout_rooms, zin_scriptorium, lemuel_doored_altar
D:6:      layout_gridville, lemuel_blue_sif_altar
D:7:      kennysheep_housing_project, layout_loops_corners
D:8:      cheibrodos_frozen_isle, layout_loops_ring, okawaru_altar_gauntlet_db,
          tso_metal_star, grunt_livestock, minmay_alternating_orb, uniq_pikel
D:9:      layout_roguey, kennysheep_orc_monster_closet_entryway, uniq_psyche
D:10:     layout_loops_ring, mainiacjoe_overflow_surrounded_room,
          kennysheep_slug_shrine, lair_entry_dummy, enter_trove_6, uniq_maurice
Lair:1:   beast_lair_carwin_large_3, layout_hall_layers, serial_bayou_pond_c,
          infiniplex_staircase_pool_2

Skill      XL: |  1  2  3  4  5  6  7  8  9 10 11 |
---------------+----------------------------------+-----
Spellcasting   | 3 4 5 6 7 8 |  8.2
Conjurations   | 5 6 7 8 9 |  9.2
Fire Magic     | 1 2 3 4 5 7 |  7.5
Earth Magic    | 1 2 3 5 6 7 9 |  9.1
Fighting       | 1 3 4 6 |  6.6
Armour         | 1 2 4 |  4.0
Staves         | 1 |  1.7
Evocations     | 1 |  1.7
Dodging        | |  1.7
Stealth        | |  1.7

Action                   |  1- 3 |  4- 6 |  7- 9 | 10-12 || total
-------------------------+-------+-------+-------+-------++-------
Melee: Dagger            |     2 |       |       |       ||     2
       Punch             |     1 |       |       |       ||     1
       Staff             |       |    10 |     6 |       ||    16
       Tailslap          |       |     2 |     1 |       ||     3
 Cast: Magic Dart        |    61 |   114 |    27 |       ||   202
       Searing Ray       |     2 |    38 |    52 |     8 ||   100
       Stone Arrow       |       |       |    25 |       ||    25
       Sandblast         |       |       |    79 |   135 ||   214
       Flame Wave        |       |       |     4 |    21 ||    25
       Iron Shot         |       |       |       |    10 ||    10
Evoke: Wand              |       |       |     1 |       ||     1
  Use: Scroll            |       |     2 |    13 |     8 ||    23
       Potion            |       |       |     2 |       ||     2
Armor: Robe              |       |    42 |    11 |       ||    53
       Leather armour    |       |       |    13 |    36 ||    49
       Troll leather arm |       |       |       |     1 ||     1
Dodge: Dodged            |     6 |    52 |    60 |    53 ||   171

Table legend: (Time is in decaauts)
 A = Elapsed time spent in this place.
 B = Non-inter-level travel time spent in this place.
 C = Inter-level travel time spent in this place.
 D = Time resting spent in this place.
 E = Time spent auto-exploring this place.
 F = Levels seen in this place.
 G = Mean time per level.
                   A        B        C        D        E       F      G
               +--------+--------+--------+--------+--------+-----+--------+
         Total |  15548 |  15305 |    243 |   3966 |   7306 |  11 | 1413.5 |
       Dungeon |  15147 |  14904 |    243 |   3712 |   7306 |  10 | 1514.7 |
          Lair |    400 |    400 |      0 |    254 |      0 |   1 |  400.0 |
               +--------+--------+--------+--------+--------+-----+--------+

Top non-repeatable levels by time:
     D:3: 2176 daAuts
     D:7: 1955 daAuts
     D:4: 1777 daAuts
     D:1: 1703 daAuts
     D:6: 1660 daAuts
     D:8: 1540 daAuts
     D:2: 1322 daAuts
    D:10: 1234 daAuts
     D:5: 985 daAuts
     D:9: 791 daAuts
  Lair:1: 400 daAuts
